 Dungeon Crawl Stone Soup version 0.27-a0-1301-g128193abf8 (webtiles) character file.

Game seed: 11131115841284240447

74 bilbop the Skirmisher (level 4, 0/41 HPs)
             Began as a Hill Orc Fighter on June 17, 2021.
             Slain by Sigmund (7 damage)
             ... on level 2 of the Dungeon.
             The game lasted 00:05:27 (2284 turns).

bilbop the Skirmisher (Hill Orc Fighter)            Turns: 2284, Time: 00:05:27

Health: 0/41       AC: 10    Str: 19    XL:     4   Next: 28%
Magic:  4/4        EV:  5    Int:  8    God:
Gold:   13         SH:  0    Dex: 10    Spells: 3/3 levels left

rFire    . . .     SeeInvis .   a - +0 war axe
rCold    . . .     Faith    .   c - +0 kite shield
rNeg     . . .     Spirit   .   t - +0 chain mail
rPois    .         Reflect  .   (no helmet)
rElec    .         Harm     .   (no cloak)
rCorr    .         Rampage  .   r - +0 pair of gloves
Will     .....                  (no boots)
Stlth    ..........             (no amulet)
HPRegen  0.13/turn              (no ring)
MPRegen  0.09/turn              (no ring)

@: confused
A: no striking features
a: no special abilities


You were on level 2 of the Dungeon.
You visited 1 branch of the dungeon, and saw 2 of its levels.

You collected 13 gold pieces.

Inventory:

Hand Weapons
 a - a +0 war axe (weapon)
 b - a +0 hunting sling
Missiles
 o - 22 bolts
 s - 11 sling bullets
Armour
 c - a +0 kite shield (worn)
 r - a +0 pair of gloves (worn)
 t - a +0 chain mail (worn)
 u - a +0 scale mail
Jewellery
 j - a ring of ice
Scrolls
 e - a scroll of identify {unknown}
 f - a scroll of fog {unknown}
 g - a scroll of amnesia {unknown}
 h - 2 scrolls of enchant armour {unknown}
 i - a scroll of fear {unknown}
 l - a scroll of magic mapping {unknown}
 n - 3 scrolls of noise {unknown}
 q - a scroll of teleportation {unknown}
Potions
 d - 2 potions of might
 k - a potion of ambrosia {unknown}
 m - a potion of curing {unknown}
 p - a potion of degeneration {unknown}


   Skills:
 + Level 4.3 Fighting
 + Level 3.6 Axes
 + Level 0.0 Slings
 + Level 3.9 Armour
 + Level 4.0 Shields


You had 3 spell levels left.
You didn't know any spells.
Your spell library contained the following spells:

 Spells                   Type           Power      Damage    Failure   Level
 Animate Skeleton         Necr           0%         N/A       100%        1
 Apportation              Tloc           0%         N/A       100%        1
 Corona                   Hex            0%         N/A       100%        1
 Magic Dart               Conj           0%         1d3       100%        1
 Pain                     Necr           0%         1d4       100%        1
 Summon Small Mammal      Summ           0%         N/A       100%        1
 Searing Ray              Conj           0%         3d3       100%        2
 Dazzling Flash           Conj/Hex       0%         N/A       100%        3
 Vampiric Draining        Necr           0%         2d6       100%        3
 Animate Dead             Necr           0%         N/A       100%        4
 Fulminant Prism          Conj/Hex       0%         3d6       100%        4
 Iskenderun's Mystic Bla  Conj/Tloc      0%         2d3       100%        4
 Agony                    Necr           0%         N/A       100%        5


Dungeon Overview and Level Annotations

Branches:
Dungeon (2/15)

Altars:

Annotations:
D:2 Sigmund


Message History

Found a hunting sling and 17 poisoned darts.
You see here a +0 hunting sling.
u - a +0 hunting sling Adjust (i)tems, (s)pells, or (a)bilities?
u - a +0 hunting sling Adjust to which letter? (? for menu, Esc to quit)
b - a +0 hunting sling;
u - a +0 scale mail You see here 17 poisoned darts.
You see here 17 poisoned darts.
Found a stone staircase leading down.
Sigmund the Dreaded comes into view.
He is wielding a +0 scythe.
Sigmund shouts!
b - a +0 hunting sling (weapon)
You shoot a sling bullet. The sling bullet hits Sigmund.
Sigmund is lightly wounded.
Sigmund casts a spell.
Sigmund flickers and vanishes!
Deactivating autopickup; reactivate with Ctrl-A.
No target in view!
Fire: 11 sling bullets
Press: ? - help, Q - select action Shift-Dir - straight line, f - you
Okay, then.
You are confused.
A puff of flame appears from out of thin air!
The puff of flame hits you!
a - a +0 war axe (weapon)
You feel less confused. Something hits you! Something hits you!
You miss something. Something hits you.
* * * LOW HITPOINT WARNING * * *
Something hits you but does no damage.
You miss something.
You hear some strange, mumbled words.
You are confused.
You're too confused to move!
Something hits you but does no damage.
You bump into the rock wall.
Something hits you.
* * * LOW HITPOINT WARNING * * *
You hit something but do no damage. Something hits you!
You die...

#.......................<...
#..........###..#######..##.
#...........#...............
#...........<..........###
#.........#.##.#######....
#.........#.......#.......
#########+#.####.##.#.##'###
#.....# #.#{# #..#.#.....#
.##.....# #.#@# ##.#.#.....#
........###.#.# #...#.....#
........+.#.#.######..#.##+##
........#.#.#.........#....###
.....[..#'#.########.####.....
#..........................
#........########.###......
#........# #..##......
#........# ##.##.#+###


There were no monsters in sight!

Vanquished Creatures
  3 adders (D:2)
  3 dart slugs
  2 ball pythons (D:1)
  5 endoplasms
  A giant cockroach (D:2)
  4 goblins
  3 hobgoblins
  A quokka (D:1)
  7 bats
  2 frilled lizards (D:1)
  5 kobolds
  2 rats
38 creatures vanquished.

Vanquished Creatures (others)
  A plant (D:1)
1 creature vanquished.

Grand Total: 39 creatures vanquished

Notes
Turn   | Place    | Note
-------+----------+-------------------------------------------
     0 | D:1      | bilbop the Hill Orc Fighter began the quest for the Orb.
     0 | D:1      | Reached XP level 1. HP: 19/19 MP: 1/1
    78 | D:1      | Reached XP level 2. HP: 14/27 MP: 2/2
   640 | D:1      | Reached XP level 3. HP: 33/33 MP: 3/3
   759 | D:1      | Found a faded altar of an unknown god.
  1533 | D:2      | Reached XP level 4. HP: 4/40 MP: 4/4
  2263 | D:2      | Noticed Sigmund
  2284 | D:2      | Slain by Sigmund

Illustrated notes

Levels and vault maps discovered:
D:1:      matt_arrival_grand_opening, layout_loops_ring,
          ebering_ecumenical_altar_mist, kennysheep_nondescript,
          minmay_misc_feat_pillars, serial_bayou_pond_a, minivault_26,
          st_stairs_14
D:2:      layout_basic, minivault_25, uniq_sigmund

Skill      XL: |  1  2  3  4 |
---------------+-------------+-----
Axes           | 3 |  3.6
Fighting       | 4 |  4.3
Shields        | 4 |  4.0
Armour         | |  3.9

Action                   |  1- 3 |  4- 6 || total
-------------------------+-------+-------++-------
Melee: War axe           |    77 |    20 ||    97
 Fire: Hunting sling     |       |     1 ||     1
Armor: Scale mail        |    39 |     4 ||    43
       Chain mail        |       |     7 ||     7
Dodge: Dodged            |    26 |     2 ||    28
Block: Kite shield       |    51 |     5 ||    56

Table legend: (Time is in decaauts)
 A = Elapsed time spent in this place.
 B = Non-inter-level travel time spent in this place.
 C = Inter-level travel time spent in this place.
 D = Time resting spent in this place.
 E = Time spent auto-exploring this place.
 F = Levels seen in this place.
 G = Mean time per level.
                   A        B        C        D        E       F      G
               +--------+--------+--------+--------+--------+-----+--------+
         Total |   2337 |   2293 |     44 |    276 |   1712 |   2 | 1168.5 |
       Dungeon |   2337 |   2293 |     44 |    276 |   1712 |   2 | 1168.5 |
               +--------+--------+--------+--------+--------+-----+--------+

Top non-repeatable levels by time:
     D:1: 1238 daAuts
     D:2: 1099 daAuts
